 Dungeon Sprint DCSS version 0.24-a0-269-g32ec7ca (webtiles) character file.

Game seed: 9867054601269548090

8936 Lanoc the Champion of Chaos (level 11, -4/96 HPs)
             Began as a Demonspawn Fighter on Apr 21, 2019.
             Was the Champion of Makhleb.
             Slain by an orc knight
             ... wielding a +0 war axe
              (21 damage)
             ... in the Dungeon (Sprint IX: "|||||||||||||||||||||||||||||").
             The game lasted 00:13:50 (1989 turns).

Lanoc the Champion of Chaos (Demonspawn Fighter)    Turns: 1989, Time: 00:13:50

Health: -4/96      AC: 11    Str: 19    XL:     11   Next: 16%
Magic:  21/21      EV: 19    Int: 11    God:    Makhleb [******]
Gold:   670        SH:  6    Dex: 18    Spells: 10/10 levels left

rFire    . . .     SeeInvis .   a - +0 long sword
rCold    . . .     Gourm    .   (no shield)
rNeg     . . .     Faith    .   q - +2 ring mail
rPois    .         Spirit   .   (helmet unavailable)
rElec    .         Reflect  .   p - +0 cloak
rCorr    .         Harm     .   (no gloves)
MR       .....     NoTele   +   (no boots)
Stlth    +.........             (no amulet)
HPRegen  0.26/turn              b - +3 ring of dexterity
MPRegen  0.17/turn              r - +3 ring of strength

@: hasted, very quick
A: horns 3, large bone plates 2, foul stench 2, rot immunity
a: Minor Destruction, Lesser Servant of Makhleb, Major Destruction, Greater
Servant of Makhleb, Renounce Religion


You were in the Dungeon.
You worshipped Makhleb.
Makhleb was exalted by your worship.
You were not hungry.

You visited 1 branch You collected 670 gold pieces.

Inventory:

Hand Weapons
 a - a +0 long sword (weapon)
 o - a +3 war axe of chopping
Armour
 c - a +0 shield
 p - a +0 cloak (worn)
 q - a +2 ring mail (worn)
Jewellery
 b - a +3 ring of dexterity (left hand)
 r - a +3 ring of strength (right hand)
Wands
 n - a wand of acid (10)
Scrolls
 e - a scroll of enchant weapon
 g - 2 scrolls of fog
 k - 2 scrolls of blinking
 l - 4 scrolls of remove curse
 m - 3 scrolls of amnesia
 s - 2 scrolls of identify
Potions
 h - a potion of haste
 i - 4 potions of magic
 j - 4 potions of curing
Comestibles
 f - 13 rations


   Skills:
 + Level 12.7 Fighting
 * Level 12.1 Long Blades
 + Level 11.8 Armour
 + Level 11.4 Dodging
 - Level 2.6 Shields
 + Level 14.1 Invocations


You had 10 spell levels left.
You didn't know any spells.
Your spell library was empty.

Dungeon Overview and Level Annotations

Branches:
Dungeon (1/1)

Altars:
Cheibriados
Dithmenos
Elyvilon
Fedhas
Gozag
Hepliaklqana
Kikubaaqudgha
Makhleb
Nemelex Xobeh
Okawaru
Qazlal
Ru
Sif Muna
Trog
Uskayaw
Vehumet
Wu Jian
Xom
Yredelemnul
Zin
The Shining One
Beogh
Jiyva
Lugonu


Innate Abilities, Weirdness & Mutations

You have a pair of large horns on your head.
You are mostly covered in large bone plates. (SH +6)
You frequently emit foul miasma when damaged in melee.
You are immune to rotting.


Message History

The orc knight hits you with a +0 war axe!
* * * LOW HITPOINT WARNING * * *
You emit a cloud of foul miasma!
You hit the orc knight but do no damage.
The orc knight is heavily wounded.
You hit the orc knight but do no damage.
Your headbutt misses the orc knight.
The orc knight is heavily wounded.
The orc knight is engulfed in dark miasma.
The orc knight is poisoned.
The orc knight roars a battlecry!
The orc goes into a battle-frenzy!
You hit the orc knight but do no damage.
The orc knight is heavily wounded.
You closely miss the orc knight.
The orc knight is heavily wounded.
The orc knight is engulfed in dark miasma.
The orc knight looks even sicker.
The orc knight hits you with a +0 war axe!!
You die...

▓▓▓▓▓▓▓▓▓▓▓▓▓▓▓▓▓▓▓▓▓▓▓▓▓▓▓▓▓▓▓▓▓
__________________'.....÷..))†'..
▓▓▓▓▓▓▓▓▓▓▓▓▓▓▓▓▓▓▓▓▓▓▓▓▓▓▓▓▓▓▓▓▓
.................................
▓▓▓▓▓▓▓▓▓▓▓▓▓▓▓▓▓▓▓▓▓▓▓▓▓▓▓▓▓▓▓▓▓
...÷........†'.............'.....
▓▓▓▓▓▓▓▓▓▓▓▓▓▓▓▓▓▓▓▓▓▓▓▓▓▓▓▓▓▓▓▓▓
..............).@oo)..........)..
▓▓▓▓▓▓▓▓▓▓▓▓▓▓▓▓▓▓▓▓▓▓▓▓▓▓▓▓▓▓▓▓▓
ooooo$)..o..§..)ooo)))...(......
▓▓▓▓▓▓▓▓▓▓▓▓▓▓▓▓▓▓▓▓▓▓▓▓▓▓▓▓▓▓▓▓


You could see an orc knight and an orc.

Vanquished Creatures
  2 unseen horrors (D)
  An orc sorcerer (D)
  2 orc knights (D)
  2 manticores (D)
  A black mamba (D)
  2 spiny frogs (D)
  A komodo dragon (shapeshifter) (D)
  3 komodo dragons (D)
  3 polar bears (D)
  A troll (D)
  A blink frog (D)
  A hippogriff (D)
  2 wyverns (D)
  Grum (D)
  4 water moccasins (D)
  7 orc warriors (D)
  A porcupine (D)
  A phantom (D)
  5 black bears (D)
  2 wolves (D)
  A crocodile (D)
  3 bullfrogs (D)
  A scorpion (D)
  A crimson imp (D)
  2 orc wizards (D)
  3 orc priests (D)
  2 hounds (D)
  2 worker ants (D)
  An iguana (D)
  An adder (D)
  A dart slug (D)
  4 orcs (D)
  A bat zombie (D)
  A giant cockroach (D)
  A goblin (D)
  A bat (D)
  A kobold (D)
70 creatures vanquished.

Notes
Turn   | Place    | Note
-------+----------+-------------------------------------------
     0 | D        | Lanoc the Demonspawn Fighter began the quest for the Orb.
     0 | D        | Reached XP level 1. HP: 18/18 MP: 1/1
     3 | D        | Banished a spatial maelstrom
     7 | D        | Reached skill level 1 in Dodging
    19 | D        | Noticed a hound
    19 | D        | Noticed a worker ant
    19 | D        | Noticed a worker ant
    19 | D        | Noticed a crimson imp
    26 | D        | Killed a worker ant
    26 | D        | Gained mutation: You are immune to rotting. [demonic
                  | ancestry]
    26 | D        | Reached XP level 2. HP: 26/26 MP: 2/2
    26 | D        | Gained mutation: You may emit foul miasma when damaged in
                  | melee. [demonic ancestry]
    26 | D        | Reached XP level 3. HP: 31/31 MP: 3/3
    35 | D        | Reached skill level 5 in Fighting
    47 | D        | Reached skill level 5 in Armour
    47 | D        | Gained mutation: You frequently emit foul miasma when
                  | damaged in melee. [demonic ancestry]
    47 | D        | Reached XP level 4. HP: 12/40 MP: 4/4
    80 | D        | Found a roughly hewn altar of Beogh.
    80 | D        | Found a snail-covered altar of Cheibriados.
    80 | D        | Found a shadowy altar of Dithmenos.
    80 | D        | Found a white marble altar of Elyvilon.
    80 | D        | Found a blossoming altar of Fedhas.
    80 | D        | Found an opulent altar of Gozag.
    81 | D        | Found a hazy altar of Hepliaklqana.
    82 | D        | Found a viscous altar of Jiyva.
    83 | D        | Found an ancient bone altar of Kikubaaqudgha.
    84 | D        | Found a corrupted altar of Lugonu.
    85 | D        | Found a burning altar of Makhleb.
    86 | D        | Found a sparkling altar of Nemelex Xobeh.
    87 | D        | Found an iron altar of Okawaru.
    88 | D        | Found a stormy altar of Qazlal.
    89 | D        | Found a sacrificial altar of Ru.
    90 | D        | Found a deep blue altar of Sif Muna.
    91 | D        | Found a bloodstained altar of Trog.
    92 | D        | Found a hide-covered altar of Uskayaw.
    93 | D        | Found a radiant altar of Vehumet.
    94 | D        | Found an ornate altar of the Wu Jian Council.
    95 | D        | Found a shimmering altar of Xom.
    96 | D        | Found a basalt altar of Yredelemnul.
    97 | D        | Found a glowing silver altar of Zin.
    98 | D        | Found a glowing golden altar of the Shining One.
   119 | D        | Became a worshipper of Makhleb the Destroyer
   300 | D        | Noticed a troll
   300 | D        | Noticed a bullfrog
   303 | D        | Killed a bullfrog
   303 | D        | Reached skill level 5 in Dodging
   303 | D        | Reached skill level 3 in Invocations
   303 | D        | Gained mutation: You have a pair of small horns on your
                  | head. [demonic ancestry]
   303 | D        | Reached XP level 5. HP: 47/47 MP: 4/7
   306 | D        | Reached skill level 4 in Invocations
   310 | D        | Killed an unseen horror
   310 | D        | Reached * piety under Makhleb
   310 | D        | Reached skill level 8 in Invocations
   310 | D        | Gained mutation: You are partially covered in large bone
                  | plates. (SH +4) [demonic ancestry]
   310 | D        | Reached XP level 6. HP: 38/58 MP: 5/12
   310 | D        | Gained mutation: You are mostly covered in large bone
                  | plates. (SH +6) [demonic ancestry]
   310 | D        | Reached XP level 7. HP: 42/64 MP: 5/13
   324 | D        | Killed a troll
   324 | D        | Reached skill level 9 in Invocations
   330 | D        | Reached ** piety under Makhleb
   330 | D        | Gained mutation: You have a pair of horns on your head.
                  | [demonic ancestry]
   330 | D        | Reached XP level 8. HP: 26/71 MP: 8/14
   507 | D        | Noticed a manticore
   507 | D        | Noticed a manticore
   508 | D        | Noticed a komodo dragon
   508 | D        | a tarantella changed into a komodo dragon
   512 | D        | Killed a manticore
   512 | D        | Reached skill level 5 in Long Blades
   518 | D        | Killed a komodo dragon
   518 | D        | Reached skill level 10 in Fighting
   518 | D        | Reached skill level 10 in Invocations
   528 | D        | Killed a manticore
   528 | D        | Reached *** piety under Makhleb
   528 | D        | Reached XP level 9. HP: 39/79 MP: 15/17
   543 | D        | Killed an unseen horror
   543 | D        | Reached skill level 11 in Invocations
   956 | D        | Noticed a komodo dragon
   958 | D        | Noticed a spiny frog
   963 | D        | Killed a komodo dragon
   963 | D        | Reached skill level 10 in Armour
   964 | D        | Noticed a black mamba
   970 | D        | Reached **** piety under Makhleb
   993 | D        | Killed a spiny frog
   993 | D        | Reached skill level 10 in Dodging
  1000 | D        | Killed a black mamba
  1000 | D        | Reached skill level 12 in Invocations
  1000 | D        | Gained mutation: You have a pair of large horns on your
                  | head. [demonic ancestry]
  1000 | D        | Reached XP level 10. HP: 77/88 MP: 17/19
  1003 | D        | Reached ***** piety under Makhleb
  1012 | D        | Noticed a spiny frog
  1026 | D        | Killed a spiny frog
  1029 | D        | Reached skill level 10 in Long Blades
  1068 | D        | Reached ****** piety under Makhleb
  1354 | D        | Reached skill level 13 in Invocations
  1484 | D        | Noticed Grum
  1502 | D        | Killed Grum
  1540 | D        | Noticed an orc knight
  1556 | D        | Killed an orc knight
  1619 | D        | Reached XP level 11. HP: 35/96 MP: 21/21
  1854 | D        | Noticed an orc knight
  1863 | D        | Noticed an orc sorcerer
  1869 | D        | Noticed an orc knight
  1903 | D        | Killed an orc knight
  1930 | D        | Reached skill level 14 in Invocations
  1968 | D        | Noticed a sun demon
  1969 | D        | Killed an orc sorcerer
  1989 | D        | Slain by an orc knight

Levels and vault maps discovered:
D:        linesprint [early_d, line_temple, items_1, d_10, items_2, lair_1,
          lair_end, items_3, orc_1, orc_end, items_4, d_15, swamp_1, shoals_1,
          snake_1, spider_1, d_20, vaults_1, items_5, swamp_end, shoals_end,
          snake_end, spider_end, vaults_end, d_27, items_6, zot_1, zot_end,
          crypt_end, forest_end, elf_end, slime_end, tomb_end, abyss_end,
          pan_hell_end]

Skill      XL: |  1  2  3  4  5  6  7  8  9 10 11 |
---------------+----------------------------------+-----
Armour         | 4 5 6 8 9 10 11 | 11.8
Dodging        | 3 4 5 7 8 9 10 11 | 11.4
Fighting       | 4 5 6 9 10 11 12 | 12.7
Invocations    | 3 8 9 10 12 13 14 | 14.1
Long Blades    | 3 6 9 11 12 | 12.1
Shields        | |  2.6

Action                   |  1- 3 |  4- 6 |  7- 9 | 10-12 || total
-------------------------+-------+-------+-------+-------++-------
Melee: Long sword        |    31 |    13 |    42 |   250 ||   336
       War axe           |       |    10 |    35 |       ||    45
       Headbutt          |       |     4 |    32 |    74 ||   110
  Use: Potion            |     3 |       |     4 |     5 ||    12
 Stab: Invisible         |       |       |     2 |       ||     2
  Eat: Chunk             |       |       |       |     4 ||     4
Armor: Scale mail        |    16 |     6 |       |       ||    22
       Ring mail         |       |     6 |    22 |    36 ||    64
Dodge: Dodged            |    12 |     6 |    54 |    99 ||   171
Block: Shield            |    18 |     9 |    65 |    89 ||   181
       Other             |       |       |       |    34 ||    34
       Rpst.: Long sword |     4 |       |     9 |    23 ||    36

Table legend:
 A = Non-vault XP
 B = Vault XP
 C = Vault XP percentage of total XP
 D = Non-vault monster count
 E = Vault monster count
 F = Vault count percentage of total count
                 A         B        C        D         E       F
            +---------+---------+-------+---------+---------+-------
      Total |       0 |   12766 | 100.0 |       0 |      70 | 100.0
            +---------+---------+-------+---------+---------+-------
          D |       0 |   12766 | 100.0 |       0 |      70 | 100.0
            +---------+---------+-------+---------+---------+-------
